 Dungeon Crawl Stone Soup version 0.25-a0-927-g39f137c8b7 (webtiles) character file.

Game seed: 1099444508420972603, levelgen mode: deterministic

41 Anathary the Firebug (level 3, -1/19 HPs)
             Began as a Deep Elf Fire Elementalist on May 3, 2020.
             Slain by a gnoll
             ... wielding a +0 club
              (6 damage)
             ... on level 1 of the Dungeon.
             The game lasted 00:05:18 (1271 turns).

Anathary the Firebug (Deep Elf Fire Elementalist)   Turns: 1271, Time: 00:05:18

Health: -1/19      AC:  5    Str:  5    XL:     3   Next: 32%
Magic:  0/10       EV: 13    Int: 20    God:
Gold:   15         SH:  0    Dex: 15    Spells: 8/9 levels left

rFire    . . .     SeeInvis .   (no weapon)
rCold    . . .     Gourm    .   (no shield)
rNeg     . . .     Faith    .   a - +1 robe
rPois    .         Spirit   .   k - +1 helmet
rElec    .         Reflect  .   (no cloak)
rCorr    .         Harm     .   (no gloves)
MR       .....                  (no boots)
Stlth    +.........             (no amulet)
HPRegen  0.06/turn              e - ring of attention (curse)
MPRegen  0.12/turn              (no ring)

@: very slightly contaminated
A: no striking features
a: no special abilities


You were on level 1 of the Dungeon.
You were not hungry.

You visited 1 branch of the dungeon, and saw 1 of its levels.

You collected 15 gold pieces.

Inventory:

Armour
 a - a +1 robe (worn)
 k - a +1 helmet (worn)
Jewellery
 e - a cursed ring of attention (left hand)
Potions
 d - a potion of lignification {unknown}
 f - a potion of heal wounds {unknown}
 i - 2 potions of brilliance {unknown}
 j - 2 potions of berserk rage {unknown}
Comestibles
 c - a ration


   Skills:
 + Level 3.1 Dodging
 - Level 2.4 Stealth
 + Level 3.5 Spellcasting
 + Level 1.2 Conjurations
 + Level 4.2 Fire Magic


You had 8 spell levels left.
You knew the following spells:

 Your Spells              Type           Power        Failure   Level  Hunger
a - Foxfire               Conj/Fire      ##..         4%          1    None

Your spell library contained the following spells:

 Spells                   Type           Power        Failure   Level  Hunger
 Conjure Flame            Conj/Fire      ##......     13%         3    ###....
 Inner Flame              Hex/Fire       ##......     17%         3    ###....
 Sticky Flame             Conj/Fire      ##......     41%         4    ####...
 Fireball                 Conj/Fire      ##........   77%         5    ######.


Dungeon Overview and Level Annotations

Branches:
Dungeon (1/15)

Altars:


Message History

Confirm with . or Enter, or press ? or * to list all spells.
Nothing appears to happen.
The foxfire hits the frilled lizard.
You kill the frilled lizard!
The gnoll hits you with a +0 club.
* * * LOW HITPOINT WARNING * * *
Casting: Foxfire (safe; 4% risk of failure)
Confirm with . or Enter, or press ? or * to list all spells.
You conjure some foxfire!
The gnoll closely misses you.
Casting: Foxfire (safe; 4% risk of failure)
Confirm with . or Enter, or press ? or * to list all spells.
You don't have enough magic to cast that spell.
You hit the gnoll.
The gnoll is heavily wounded.
The foxfire hits the gnoll but does no damage.
The gnoll is heavily wounded.
The gnoll misses you.
You hit the gnoll but do no damage.
The gnoll is heavily wounded.
The gnoll hits you with a +0 club.
You die...

#..§.......#######
##.######### #§..#
###.## # #....# #.
####÷# #.. #....#
#.. ###.## #...
#@..# #...##g.#
#....)s.#
##..†...# ########


You could see a gnoll and a giant cockroach.

Vanquished Creatures
  A gnoll (D:1)
  A dart slug (D:1)
  A leopard gecko (D:1)
  5 giant cockroaches (D:1)
  2 goblins (D:1)
  4 hobgoblins (D:1)
  2 kobolds (D:1)
  2 bats (D:1)
  4 frilled lizards (D:1)
  4 rats (D:1)
26 creatures vanquished.

Vanquished Creatures (others)
  66 foxfires (D:1)
66 creatures vanquished.

Grand Total: 92 creatures vanquished

Notes
Turn   | Place    | Note
-------+----------+-------------------------------------------
     0 | D:1      | Anathary the Deep Elf Fire Elementalist began the quest for
                  | the Orb.
     0 | D:1      | Reached XP level 1. HP: 10/10 MP: 6/6
   149 | D:1      | Reached XP level 2. HP: 15/15 MP: 1/8
   402 | D:1      | Reached skill level 4 in Fire Magic
   483 | D:1      | Reached XP level 3. HP: 19/19 MP: 6/9
  1271 | D:1      | Slain by a gnoll

Levels and vault maps discovered:
D:1:      co_arrival_random_square_maze, layout_loops_ring,
          minmay_worlds_worst_comb

Skill      XL: |  1  2 |
---------------+-------+-----
Dodging        | 3 |  3.1
Fire Magic     | 4 |  4.2
Stealth        | |  2.4
Spellcasting   | |  3.5
Conjurations   | |  1.2

Action                   || total
-------------------------++-------
Melee: Unarmed           ||    32
 Cast: Foxfire           ||    44
  Use: Scroll            ||     3
  Eat: Ration            ||     1
Armor: Robe              ||    20
Dodge: Dodged            ||    40

Table legend:
 A = Non-vault XP
 B = Vault XP
 C = Vault XP percentage of total XP
 D = Non-vault monster count
 E = Vault monster count
 F = Vault count percentage of total count
                 A         B        C        D         E       F
            +---------+---------+-------+---------+---------+-------
      Total |      51 |       8 |  13.6 |      22 |       4 |  15.4
            +---------+---------+-------+---------+---------+-------
        D:1 |      51 |       8 |  13.6 |      22 |       4 |  15.4
            +---------+---------+-------+---------+---------+-------
